 Dungeon Crawl Stone Soup version 0.32-a0-834-geaf45d8e21 (webtiles) character file.

Game seed: 13872289819576039008

373 porpoise the Caller (level 6, -1/32 HPs)
             Began as a Tengu Summoner on Mar 26, 2024.
             Killed from afar by an orc wizard (8 damage)
             ... with a puff of flame
             ... on level 3 of the Dungeon.
             The game lasted 00:10:40 (2722 turns).

porpoise the Caller (Tengu Summoner)                Turns: 2722, Time: 00:10:41

Health: -1/32      AC:  2    Str:  8    XL:     6   Next: 71%
Magic:  10/14      EV: 11    Int: 18    God:
Gold:   132        SH:  0    Dex: 14    Spells: 4/14 levels left

rFire   . . .        a - +0 short sword
rCold   . . .        (no shield)
rNeg    . . .        c - +0 robe
rPois   .            (helmet restricted)
rElec   .            (no cloak)
rCorr   .            (no gloves)
SInv    .            (boots unavailable)
Will    .....        f - amulet of regeneration
Stlth   ++           (no ring)
HPRegen 1.05/turn    (no ring)
MPRegen 0.14/turn

%: acrobat
@: inugami summoned
A: beak, talons 3, acrobatic
a: no special abilities


You were on level 3 of the Dungeon.
You visited 1 branch of the dungeon, and saw 3 of its levels.

You collected 132 gold pieces.

Inventory:

Hand Weapons
 a - a +0 short sword (weapon)
 b - a +0 sling
Missiles
 i - 5 datura-tipped darts
Armour
 c - a +0 robe (worn)
Jewellery
 d - a ring of see invisible
 f - an amulet of regeneration (around neck)
Scrolls
 g - 3 scrolls of identify
 h - a scroll of fear {unknown}
 m - a scroll of immolation {unknown}
 n - a scroll of vulnerability {unknown}
 o - a scroll of torment {unknown}
Potions
 e - 3 potions of cancellation
 k - 2 potions of magic
 l - a potion of mutation
 p - a potion of attraction
 q - a potion of might


   Skills:
 - Level 2.1 Dodging
 - Level 2.0 Stealth
 + Level 4.7 Spellcasting
 + Level 7.4 Summonings


You had 4 spell levels left.
You knew the following spells:

 Your Spells              Type           Power      Damage    Failure   Level
a - Summon Small Mammal   Summ           100%       N/A       1%          1
b - Call Imp              Summ           62%        N/A       1%          2
c - Call Canine Familiar  Summ           31%        N/A       1%          3
d - Martyr's Knell        Necr/Summ      17%        N/A       30%         4

Your spell library contained the following spells:

 Spells                   Type           Power      Damage    Failure   Level
 Summon Ice Beast         Ice/Summ       17%        N/A       9%          3
 Necrotise                Necr           16%        1d4       14%         1
 Summon Blazeheart Golem  Fire/Summ      17%        N/A       30%         4
 Summon Lightning Spire   Summ/Air       17%        N/A       30%         4
 Hailstorm                Conj/Ice       4%         3d5       38%         3
 Passwall                 Erth           4%         N/A       38%         3
 Vampiric Draining        Necr           4%         2d6       38%         3
 Volatile Blastmotes      Fire/Tloc      8%         2d10      38%         3
 Curse of Agony           Necr           4%         N/A       98%         5
 Bombard                  Conj/Erth      2%         9d1       100%        6
 Permafrost Eruption      Ice/Erth       2%         2x4d2     100%        6
 Sculpt Simulacrum        Ice/Alch       2%         N/A       100%        6


Dungeon Overview and Level Annotations

Branches:
Dungeon (3/15)

Altars:

Annotations:
D:2 1 runed translucent door, Crazy Yiuf


Innate Abilities, Weirdness & Mutations

You have a beak for a mouth.
You have claws for feet.
You can magically evade attacks while moving or waiting.


Message History

Your cerulean imp closely misses the orc priest.
You hit the orc priest. Your peck misses the orc priest.
The orc priest is heavily wounded.
The orc priest misses you.
Your cerulean imp hits the orc priest but does no damage.
You barely miss the orc priest.
The orc priest is heavily wounded.
The orc priest looks satisfied for a moment.
Your cerulean imp completely misses the orc priest.
The orc priest shouts, "Surrender to Beogh and we'll let you live!"
You hit the orc priest but do no damage.
The orc priest is heavily wounded.
The orc priest hits you with a +0 club.
Your cerulean imp hits the orc priest from afar with a -1 spear.
The orc priest shouts, "Surrender to Beogh and we'll let you live!"
You barely miss the orc priest. You claw the orc priest.
The orc priest is almost dead.
The orc priest invokes the aid of Beogh against you.
Pain shoots through your body!
* * * LOW HITPOINT WARNING * * *
Your cerulean imp closely misses the orc priest.
You hit the orc priest but do no damage.
You claw the orc priest.
You kill the orc priest!
You hit something. Your kick misses something. Your peck misses something.
Something hits you.
* * * LOW HITPOINT WARNING * * *
Okay, then.
You swap places.
Your cerulean imp barely misses the orc.
Something barely misses your cerulean imp.
Casting: Call Imp (safe; 1% risk of failure)
Confirm with . or Enter, or press ? or * to list all spells.
You call for your canine familiar and it appears with a howl!
Your cerulean imp hits the orc from afar with a -1 spear.
You hear some strange, mumbled words.
A puff of flame appears from out of thin air!
The puff of flame misses your cerulean imp.
The puff of flame hits you!
You die...

##.###.####.###
###.#...........#
#..###.#.####.#.#
#.#.#.##.####.#.#
#.##.###......#.#
####.####
########.# #..†.#
###.## #.####
#h...# #.#
####### #@#.##
#.# #.....# #5###
#.######.....#
#{#
......##.....#
#o#
###.#.##.....#
#.. #
#.#.##.....# ###
###..<.......#
...##.######.#
.......# #.#


You could see an orc (ally target), a friendly cerulean imp (summoned) and a
friendly inugami (summoned).

Vanquished Creatures
  Sigmund (D:2)
  An orc priest (D:3)
  Natasha (thrice) (D:3)
  A dart slug (D:3)
  A ribbon worm (D:3)
  2 orcs (D:3)
  5 ball pythons
  An endoplasm (D:1)
  A giant cockroach (D:2)
  3 goblins
  6 hobgoblins
  8 jackals (D:1)
  4 kobolds
  A quokka (D:3)
  3 bats
  3 frilled lizards
  2 rats
46 creatures vanquished.

Vanquished Creatures (collateral kills)
  A bombardier beetle (D:3)
  An adder (D:2)
  2 ribbon worms
  3 endoplasms
  A giant cockroach (D:2)
  3 goblins (D:1)
  4 hobgoblins
  2 ball pythons
  3 bats
  2 frilled lizards (D:2)
  A kobold (D:1)
  5 rats
28 creatures vanquished.

Grand Total: 74 creatures vanquished

Notes
Turn   | Place    | Note
-------+----------+-------------------------------------------
     0 | D:1      | porpoise the Tengu Summoner began the quest for the Orb.
     0 | D:1      | Reached XP level 1. HP: 10/10 MP: 4/4
   229 | D:1      | Reached skill level 5 in Summonings
   338 | D:1      | Reached XP level 2. HP: 15/15 MP: 1/6
   467 | D:1      | Reached XP level 3. HP: 2/19 MP: 7/7
   522 | D:1      | Learned a level 2 spell: Call Imp
   526 | D:1      | Learned a level 3 spell: Call Canine Familiar
   827 | D:1      | Found a faded altar of an unknown god.
   851 | D:1      | You fall into a shaft and drop 1 floor!
  1412 | D:2      | Noticed Sigmund
  1449 | D:2      | Killed Sigmund
  1450 | D:2      | Reached skill level 6 in Summonings
  1450 | D:2      | Reached XP level 4. HP: 17/24 MP: 2/11
  1450 | D:2      | Reached XP level 5. HP: 20/28 MP: 2/12
  1879 | D:2      | Found a runed translucent door.
  1880 | D:2      | Noticed Crazy Yiuf
  2158 | D:3      | Noticed Natasha
  2161 | D:3      | Killed Natasha
  2162 | D:3      | Reached XP level 6. HP: 32/32 MP: 10/13
  2163 | D:3      | Reached skill level 7 in Summonings
  2281 | D:3      | Noticed Natasha
  2288 | D:3      | Killed Natasha
  2385 | D:3      | Noticed Natasha
  2394 | D:3      | Killed Natasha
  2413 | D:3      | Learned a level 4 spell: Martyr's Knell
  2571 | D:3      | HP: 1/32 [burnt (6)]
  2722 | D:3      | Killed from afar by an orc wizard

Illustrated notes

Levels and vault maps discovered:
D:1:      amcnicky_arrival_abandoned_market, layout_basic,
          hellmonk_ecumenical_altar_dog_temple, nrook_campfire, st_stairs_4,
          minmay_tree_intersection, minivault_11, minmay_misc_feat_alley,
          minmay_tetromino_t4
D:2:      layout_basic, uniq_crazy_yiuf_cottage, uniq_sigmund
D:3:      layout_loops_cross, minmay_box_of_dots, uniq_natasha

Skill      XL: |  1  2  3  4  5  6 |
---------------+-------------------+-----
Summonings     | 5 6 7 |  7.4
Spellcasting   | 4 |  4.7
Dodging        | |  2.1
Stealth        | |  2.0

Action                     |  1- 3 |  4- 6 || total
---------------------------+-------+-------++-------
  Melee: Short sword       |    73 |    81 ||   154
         Kick              |    15 |    24 ||    39
         Peck              |    10 |    14 ||    24
         Hand axe          |     2 |       ||     2
         Battleaxe         |     1 |       ||     1
         Unarmed           |     1 |       ||     1
   Cast: Summon Small Mamm |    23 |     2 ||    25
         Call Imp          |     7 |     9 ||    16
         Call Canine Famil |     1 |     2 ||     3
    Use: Scroll            |     2 |     3 ||     5
         Potion            |     1 |     1 ||     2
   Stab: Sleeping          |     1 |     7 ||     8
         Distracted        |     1 |     2 ||     3
 Armour: Robe              |    63 |    30 ||    93
  Dodge: Dodged            |    56 |    37 ||    93

Table legend: (Time is in decaauts)
 A = Elapsed time spent in this place.
 B = Non-inter-level travel time spent in this place.
 C = Inter-level travel time spent in this place.
 D = Time resting spent in this place.
 E = Time spent auto-exploring this place.
 F = Levels seen in this place.
 G = Mean time per level.
                   A        B        C        D        E       F      G
               +--------+--------+--------+--------+--------+-----+--------+
         Total |   2729 |   2693 |     36 |    806 |   1275 |   3 |  909.7 |
       Dungeon |   2729 |   2693 |     36 |    806 |   1275 |   3 |  909.7 |
               +--------+--------+--------+--------+--------+-----+--------+

Top non-repeatable levels by time:
     D:2: 1079 daAuts
     D:1: 1052 daAuts
     D:3: 597 daAuts
